 Dungeon Crawl Stone Soup version 0.27-a0-75-g9f9dfd16e9 (webtiles) character file.

Game seed: 4069917265840636694

9884 knot the Cleaver (level 11, -5/75 HPs)
             Began as a Demonspawn Berserker on Jan 13, 2021.
             Was a Priest of Trog.
             Slain by an entropy weaver (8 damage)
             ... on level 10 of the Dungeon.
             The game lasted 00:22:39 (16350 turns).

knot the Cleaver (Demonspawn Berserker)            Turns: 16350, Time: 00:22:40

Health: -5/75      AC: -3    Str: 19    XL:     11   Next: 28%
Magic:  0/11       EV: 11    Int: 11    God:    Trog [***...]
Gold:   642        SH:  0    Dex: 12    Spells: 10/10 levels left

rFire    . . .     SeeInvis .   N - +7 battleaxe
rCold    + . .     Faith    .   (shield currently unavailable)
rNeg     . . .     Spirit   +   j - +0 ring mail {rC+}
rPois    .         Reflect  .   (helmet restricted)
rElec    .         Harm     .   (no cloak)
rCorr    .         Rampage  .   F - +1 pair of gloves
Will     +++..                  I - +0 pair of boots
Stlth    +.........             (no amulet)
HPRegen  1.22/turn              H - +4 ring of protection
MPRegen  0.24/turn              u - ring of willpower

@: about to teleport, corroded, berserk cooldown, regenerating (expiring),
slowed, very slow
A: horns 2, powered by death 1, magic shield, magic regeneration
a: Renounce Religion, Berserk, Trog's Hand


You were on level 10 of the Dungeon.
You worshipped Trog.
Trog was most pleased with you.
You visited 2 branches of the dungeon, and saw 11 of its levels.

You collected 642 gold pieces.

Inventory:

Hand Weapons
 y - a +1 spear of venom
 N - a +7 battleaxe (weapon)
Missiles
 b - 4 javelins
 g - 321 stones
 h - 107 sling bullets
 l - 62 poisoned darts
 w - 5 atropa-tipped darts
 C - 15 boomerangs (quivered)
Armour
 j - a +0 ring mail of cold resistance (worn)
 F - a +1 pair of gloves (worn)
 I - a +0 pair of boots (worn)
Magical Staves
 a - an uncursed staff of conjuration {unknown}
Jewellery
 u - a ring of willpower (right hand)
 z - an uncursed ring of stealth
 H - a +4 ring of protection (left hand)
Wands
 n - a wand of random effects (9)
 s - a wand of enslavement (19)
 x - a wand of acid (9)
 J - a wand of iceblast (6)
Scrolls
 e - a scroll of magic mapping
 f - a scroll of teleportation
 i - a scroll of enchant armour
 o - 2 scrolls of remove curse
 p - a scroll of fog
Potions
 c - a potion of invisibility {unknown}
 d - 8 potions of brilliance
 k - a potion of might {unknown}
 m - 3 potions of mutation {unknown}
 q - 2 potions of berserk rage {unknown}
 r - a potion of lignification
 v - 3 potions of magic {unknown}
 D - 2 potions of flight
 L - 2 potions of curing
 M - a potion of cancellation


   Skills:
 - Level 3.0 Fighting
 * Level 11.8 Axes
 * Level 11.3 Throwing
 - Level 1.7 Armour
 - Level 1.7 Dodging


You had 10 spell levels left.
You didn't know any spells.
Your spell library was empty.

Dungeon Overview and Level Annotations

Branches:
Dungeon (10/15)            Temple (1/1) D:6
   Lair: D:8-11         Orc: D:9-12

Altars:
Ashenzari
Cheibriados
Dithmenos
Elyvilon
Fedhas
Gozag
Hepliaklqana
Kikubaaqudgha
Makhleb
Nemelex Xobeh
Okawaru
Qazlal
Ru
Sif Muna
Trog
Uskayaw
Vehumet
Wu Jian
Xom
Yredelemnul
Zin
The Shining One

Shops:
D:5 *   D:6 *


Innate Abilities, Weirdness & Mutations

You have a pair of horns on your head.
You regenerate a little health from kills.
When hurt, damage is shared between your health and your magic reserves.
You regenerate magic rapidly.


Message History

The entropy weaver casts a spell at you.
The entropic weave corrodes you!
You are no longer berserk.
You are exhausted.
You feel yourself slow down.
The entropy weaver is engulfed in spectral mist.
As you read the scroll of teleportation, it crumbles to dust.
You feel strangely unstable.
You feel the effects of Trog's Hand fading.
The entropy weaver is engulfed in spectral mist.
The entropy weaver casts a spell at you.
The entropic weave corrodes you!
The entropy weaver is engulfed in spectral mist.
The entropy weaver is engulfed in spectral mist.
The entropy weaver hits you.
* * * LOW HITPOINT WARNING * * *
The entropy weaver hits you!
* * * LOW HITPOINT WARNING * * *
The entropy weaver hits you!
You die...

### #.....# #..####
#..# ## #..# .# #..#
.# #..########### .#
#########..#)........#
.#
#..[.......#.#######.#
.# #.#######.##@# #.#
.# #.........##B# #.#
.## #..#########t# #.#
..###..#########Z# #.#
#..............#.# #.#
..###.########.#Z# #.#
......# #.#.# #.#
####### #.#÷# #.#
#.#°# #.#


You could see an entropy weaver, a ghost crab, a spectral hound (summoned) and a
spectral worker ant (summoned).

Vanquished Creatures
  An entropy weaver (D:10)
  A two-headed ogre (D:10)
  The ghost of Woodmanan the Destroyer, a novice DrCj of Sif Muna (D:9)
  2 fire crabs (D:10)
  An unseen horror (D:10)
  Psyche (D:10)
  An orc warrior (D:8)
  A wyvern (D:8)
  3 wraiths (D:8)
  3 black bears
  2 sky beasts
  3 centaurs
  3 ogres
  A phantom (D:8)
  A big kobold (D:5)
  6 bullfrogs
  A water moccasin skeleton (D:8)
  4 scorpions
  3 killer bees (D:9)
  A howler monkey (D:6)
  3 bullfrog zombies
  A quasit (D:7)
  A bullfrog skeleton (D:2)
  A centaur skeleton (D:4)
  4 hounds
  3 jellies
  5 orc priests
  13 orc wizards
  2 iguanas (D:8)
  Natasha (twice) (D:3)
  A killer bee zombie (D:5)
  6 worker ants
  A hound zombie (D:9)
  9 gnolls
  A howler monkey zombie (D:8)
  A howler monkey skeleton (D:7)
  12 adders
  A shadow imp (D:8)
  3 white imps
  2 ufetubi (D:8)
  An ooze (D:3)
  An adder skeleton (D:4)
  An adder zombie (D:6)
  2 worms
  3 leopard geckos
  20 orcs
  5 giant cockroaches
  11 goblins
  8 hobgoblins
  9 jackals
  33 kobolds
  7 quokkas
  A ball python (D:5)
  11 bats
  5 frilled lizards
  A quokka skeleton (D:4)
  32 rats
263 creatures vanquished.

Vanquished Creatures (collateral kills)
  An entropy weaver (D:10)
  3 fire crabs (D:10)
  The ghost of SkiChan the Conjurer, a novice DrCj of Vehumet (D:8)
  An ugly thing (D:6)
  Grinder (D:4)
  2 wraiths (D:8)
  An ogre (D:4)
  A bullfrog skeleton (D:4)
  3 orc wizards (D:8)
  3 gnolls (D:4)
  A leopard gecko (D:4)
  An orc (D:8)
  A frilled lizard (D:4)
20 creatures vanquished.

Vanquished Creatures (others)
  23 plants (D:5)
23 creatures vanquished.

Grand Total: 306 creatures vanquished

Notes
Turn   | Place    | Note
-------+----------+-------------------------------------------
     0 | D:1      | knot the Demonspawn Berserker began the quest for the Orb.
     0 | D:1      | Reached XP level 1. HP: 18/18 MP: 1/1
   258 | D:1      | Gained mutation: You have a pair of small horns on your
                  | head. [demonic ancestry]
   258 | D:1      | Reached XP level 2. HP: 10/24 MP: 2/2
   734 | D:1      | Reached ** piety under Trog
   805 | D:1      | Reached XP level 3. HP: 28/29 MP: 3/3
   982 | D:1      | Reached skill level 1 in Throwing
  1479 | D:2      | Gained mutation: You have a pair of horns on your head.
                  | [demonic ancestry]
  1479 | D:2      | Reached XP level 4. HP: 26/35 MP: 4/4
  1792 | D:2      | Reached *** piety under Trog
  1997 | D:2      | Found a glowing golden altar of the Shining One.
  2202 | D:2      | Found a basalt altar of Yredelemnul.
  2209 | D:2      | Found a shimmering blue altar of Sif Muna.
  2739 | D:2      | Reached XP level 5. HP: 39/41 MP: 5/5
  2883 | D:3      | Noticed Natasha
  2889 | D:3      | Killed Natasha
  3228 | D:3      | Reached **** piety under Trog
  3665 | D:3      | Found a faded altar of an unknown god.
  3792 | D:3      | Found a sparkling altar of Nemelex Xobeh.
  3862 | D:3      | Noticed Natasha
  3869 | D:3      | Killed Natasha
  3922 | D:3      | Found a blossoming altar of Fedhas.
  4093 | D:4      | Reached skill level 5 in Axes
  4093 | D:4      | Gained mutation: You regenerate a little health from kills.
                  | [demonic ancestry]
  4093 | D:4      | Reached XP level 6. HP: 47/47 MP: 6/6
  5021 | D:4      | Reached XP level 7. HP: 25/52 MP: 7/7
  5497 | D:4      | Noticed Grinder
  5503 | D:4      | Killed Grinder
  5806 | D:5      | Entered Level 5 of the Dungeon
  5957 | D:5      | Found Butoutt's Serpentskin Sales.
  6055 | D:5      | Reached skill level 5 in Throwing
  7832 | D:6      | Found a stormy altar of Qazlal.
  7943 | D:6      | Gained mutation: When hurt, damage is shared between your
                  | health and your magic reserves. [demonic ancestry]
  7943 | D:6      | Reached XP level 8. HP: 52/58 MP: 8/8
  8100 | D:6      | Found a staircase to the Ecumenical Temple.
  8930 | D:6      | Found Peliamo's General Store.
  9591 | D:6      | Noticed a red ugly thing
  9596 | D:6      | Killed a red ugly thing
 10051 | D:6      | Found a glowing silver altar of Zin.
 10189 | Temple   | Entered the Ecumenical Temple
 10461 | D:7      | Gained mutation: You regenerate magic rapidly. [demonic
                  | ancestry]
 10461 | D:7      | Reached XP level 9. HP: 41/63 MP: 5/9
 12094 | D:8      | Found a runed translucent gate.
 12094 | D:8      | Found a runed translucent gate.
 12095 | D:8      | Found a runed translucent gate.
 12112 | D:8      | Noticed SkiChan's ghost (novice DrCj)
 12428 | D:8      | Reached ***** piety under Trog
 12536 | D:8      | Found a shimmering altar of Xom.
 12537 | D:8      | Found a shimmering altar of Xom.
 12538 | D:8      | Found a shimmering altar of Xom.
 12539 | D:8      | Found a shimmering altar of Xom.
 12549 | D:8      | Found a shimmering altar of Xom.
 12684 | D:8      | Noticed a guardian serpent
 12731 | D:8      | Received a gift from Trog
 13024 | D:8      | Reached XP level 10. HP: 70/70 MP: 10/10
 13027 | D:8      | Reached skill level 10 in Axes
 13028 | D:8      | Killed SkiChan's ghost
 13107 | D:9      | Found a broken altar of Ashenzari.
 13203 | D:9      | Found a broken altar of Ashenzari.
 13207 | D:9      | Found a runed translucent door.
 13207 | D:9      | Noticed Woodmanan's ghost (novice DrCj)
 14193 | D:9      | Killed Woodmanan's ghost
 14393 | D:10     | Entered Level 10 of the Dungeon
 14440 | D:10     | Killed an unseen horror
 14441 | D:10     | Reached skill level 10 in Throwing
 14888 | D:10     | Noticed a two-headed ogre
 14891 | D:10     | Killed a two-headed ogre
 15124 | D:10     | Noticed Psyche
 15138 | D:10     | Killed Psyche
 15614 | D:10     | Found a runed translucent door.
 15690 | D:10     | Found a shimmering altar of Xom.
 15795 | D:10     | Noticed a fire crab
 15801 | D:10     | Killed a fire crab
 15813 | D:10     | Noticed an entropy weaver
 15813 | D:10     | Noticed a fire crab
 15818 | D:10     | Killed a fire crab
 15821 | D:10     | Killed an entropy weaver
 15822 | D:10     | Reached XP level 11. HP: 75/75 MP: 11/11
 15823 | D:10     | Noticed a fire crab
 15829 | D:10     | Killed a fire crab
 15841 | D:10     | Noticed an entropy weaver
 15841 | D:10     | Noticed a fire crab
 15850 | D:10     | Killed a fire crab
 15857 | D:10     | Killed an entropy weaver
 16009 | D:10     | Noticed a fire crab
 16023 | D:10     | Killed a fire crab
 16186 | D:10     | Noticed an entropy weaver
 16335 | D:10     | Noticed a ghost crab
 16350 | D:10     | HP: 3/75 [entropy weaver (13)]
 16350 | D:10     | Slain by an entropy weaver

Illustrated notes

Levels and vault maps discovered:
D:1:      minmay_arrival_checkered_box, layout_basic, minmay_circled_x
D:2:      layout_loops_corners, tso_altar, amethyst_overflow_temple_binary,
          minmay_rat_hole
D:3:      layout_basic, fedhas_altar_fruit_tree,
          chequers_ecumenical_altar_simple_redux, nemelex_dance_club_becter,
          uniq_natasha
D:4:      layout_cave_pods, uniq_grinder
D:5:      kennysheep_kobold_camp, layout_basic, guppyfry_shop_venom
D:6:      layout_layer_cave, zin_treasury, minmay_temple_entry_tees,
          basic_altar, serial_shops, shop
D:7:      layout_loops_ring
D:8:      minmay_flawed_box, layout_basic, gammafunk_ghost_spectres,
          xom_shifter_show
D:9:      layout_layer_cave, ashenzari_conservatory_becter,
          hellmonk_ghost_happy_afterlife, ashenzari_altar_1
D:10:     gammafunk_mikee_crab_dinner, layout_loops_ring, lemuel_statue_altar,
          uniq_psyche
Temple:   eino_temple_rhombus

Skill      XL: |  1  2  3  4  5  6  7  8  9 10 11 |
---------------+----------------------------------+-----
Axes           | 3 4 5 6 8 9 11 | 11.8
Throwing       | 1 2 3 4 5 7 9 10 11 | 11.3
Fighting       | |  3.0
Armour         | |  1.7
Dodging        | |  1.7

Action                   |  1- 3 |  4- 6 |  7- 9 | 10-12 || total
-------------------------+-------+-------+-------+-------++-------
Melee: Hand axe          |    68 |   177 |    10 |       ||   255
       Headbutt          |     1 |    31 |    75 |    18 ||   125
       Spear             |       |       |   372 |       ||   372
       Battleaxe         |       |       |    17 |    98 ||   115
Throw: Boomerang         |    38 |       |       |    19 ||    57
       Stone             |     5 |       |       |       ||     5
       Dart              |       |       |    70 |       ||    70
Invok: Berserk           |     3 |     4 |     7 |     6 ||    20
       Brothers in Arms  |       |     1 |     4 |     4 ||     9
       Trog's Hand       |       |       |     1 |     2 ||     3
Evoke: Wand              |       |       |     1 |     6 ||     7
  Use: Scroll            |       |       |    15 |     5 ||    20
       Potion            |       |       |       |     4 ||     4
 Stab: Sleeping          |     3 |     2 |     2 |       ||     7
       Distracted        |       |       |       |     1 ||     1
Armor: Animal skin       |    18 |    37 |    72 |    13 ||   140
       Ring mail         |       |       |       |    58 ||    58
Dodge: Dodged            |    48 |   130 |   175 |    59 ||   412

Table legend: (Time is in decaauts)
 A = Elapsed time spent in this place.
 B = Non-inter-level travel time spent in this place.
 C = Inter-level travel time spent in this place.
 D = Time resting spent in this place.
 E = Time spent auto-exploring this place.
 F = Levels seen in this place.
 G = Mean time per level.
                   A        B        C        D        E       F      G
               +--------+--------+--------+--------+--------+-----+--------+
         Total |  16513 |  16158 |    355 |   5458 |   8892 |  11 | 1501.2 |
       Dungeon |  16370 |  16020 |    350 |   5458 |   8754 |  10 | 1637.0 |
        Temple |    142 |    138 |      4 |      0 |    138 |   1 |  142.0 |
               +--------+--------+--------+--------+--------+-----+--------+

Top non-repeatable levels by time:
     D:6: 2520 daAuts
     D:5: 1875 daAuts
     D:2: 1795 daAuts
     D:4: 1743 daAuts
     D:9: 1734 daAuts
    D:10: 1567 daAuts
     D:8: 1391 daAuts
     D:7: 1362 daAuts
     D:3: 1285 daAuts
     D:1: 1094 daAuts
  Temple: 142 daAuts
